 Dungeon Crawl Stone Soup version 0.29-a0-330-g52719c12eb (webtiles) character file.

Game seed: 1171834888883513313

338 kae the Firebug (level 6, 0/45 HPs)
             Began as a Demigod Fire Elementalist on Apr 19, 2022.
             Succumbed to a crimson imp's poison
             ... on level 4 of the Dungeon.
             The game lasted 00:05:18 (5231 turns).

kae the Firebug (Demigod Fire Elementalist)         Turns: 5231, Time: 00:05:18

Health: 0/45       AC:  2    Str:  8 (9)  XL:     6   Next: 7%
Magic:  13/13      EV: 12    Int: 24 (25) God:
Gold:   255        SH:  0    Dex: 13 (16) Spells: 2/11 levels left

rFire   + . .      SeeInvis .   l - staff of fire
rCold   . . .      Faith    .   (no shield)
rNeg    . . .      Spirit   .   a - +0 robe
rPois   +          Reflect  .   (no helmet)
rElec   .          Harm     .   (no cloak)
rCorr   .          Rampage  .   (no gloves)
Will    .....                   (no boots)
Stlth   ++........              k - amulet of the acrobat
HPRegen 0.15/turn               q - ring of poison resistance
MPRegen 0.13/turn               (no ring)

@: lethally poisoned (0 -> -8), hasted, very quick
A: high MP 1, forlorn, divine attributes, claws 1, agile 1, deterioration 1
a: no special abilities


You were on level 4 of the Dungeon.
You visited 1 branch of the dungeon, and saw 4 of its levels.

You collected 255 gold pieces.

Inventory:

Hand Weapons
 g - a +1 dagger
Armour
 a - a +0 robe (worn)
 f - a +0 helmet
Magical Staves
 l - a staff of fire (weapon)
Jewellery
 k - an amulet of the acrobat (around neck)
 q - a ring of poison resistance (left claw)
Wands
 e - a wand of digging (4)
Scrolls
 i - a scroll of torment
 j - 3 scrolls of immolation
Potions
 b - a potion of magic
 c - a potion of brilliance
 d - a potion of haste
 h - 2 potions of attraction


   Skills:
 - Level 1.7 Dodging
 - Level 1.7 Stealth
 + Level 3.1 Spellcasting
 + Level 2.9 Conjurations
 * Level 5.0 Fire Magic


You had 2 spell levels left.
You knew the following spells:

 Your Spells              Type           Power      Damage    Failure   Level
a - Foxfire               Conj/Fire      100%       2x1d9     1%          1
b - Scorch                Fire           82%        2d9       1%          2
c - Conjure Flame         Conj/Fire      34%        6-21      6%          3
d - Inner Flame           Hex/Fire       23%        N/A       12%         3

Your spell library contained the following spells:

 Spells                   Type           Power      Damage    Failure   Level
 Magic Dart               Conj           68%        1d6       3%          1
 Call Imp                 Summ           3%         N/A       16%         2
 Flame Wave               Conj/Fire      34%        2d8       21%         4
 Mephitic Cloud           Conj/Pois/Air  8%         N/A       22%         3


Dungeon Overview and Level Annotations

Branches:
Dungeon (4/15)
 Temple: D:4-7


Innate Abilities, Weirdness & Mutations

You have an increased reservoir of magic. (+10% MP)
You shall have no god before yourself.
Your divine heritage dramatically boosts your attributes as you level up.
You have sharp fingernails.
You are agile. (Dex +2)
Your body sometimes deteriorates upon taking damage.


Message History

* * * LOW HITPOINT WARNING * * *
You closely miss the crimson imp.
The crimson imp is lightly wounded.
The crimson imp hits you.
* * * LOW HITPOINT WARNING * * *
You hit the crimson imp but do no damage.
The crimson imp barely misses you.
Aiming: Dig
Press: ? - help, Shift-Dir - straight line, p - crimson imp A rock wall.
The rock shatters into small pieces.
The crimson imp blinks!
You feel yourself speed up.
The crimson imp grinds its teeth.
You hit the crimson imp.
The crimson imp is lightly wounded.
The crimson imp closely misses you. The crimson imp barely misses you.
You closely miss the crimson imp.
The crimson imp is lightly wounded.
The crimson imp barely misses you.
The crimson imp grins evilly.
The crimson imp hits you with a +2 dagger of chaos.
* * * LOW HITPOINT WARNING * * *
The crimson imp freezes you.
* * * LOW HITPOINT WARNING * * *
You closely miss the crimson imp.
You hit the crimson imp but do no damage.
The crimson imp closely misses you.
The crimson imp hits you with a +2 dagger of chaos.
* * * LOW HITPOINT WARNING * * *
You are lethally poisoned!
You barely miss the crimson imp.
* * * LOW HITPOINT WARNING * * *
You feel sick. The crimson imp hits you.
* * * LOW HITPOINT WARNING * * *
The crimson imp blinks!
Aiming: Dig
Press: ? - help, Shift-Dir - straight line A rock wall.
The rock shatters into small pieces.
You die...

..........##.# ######...........
..........##.# ..##..........
.......)..##.# #.##....######
...........### #.###....#
...)......... #........#
............ #####........#####
...........### #...#.###.........
.##.######...#.#ยง#.#.##.....5....
.##..........#.#@#...##..........
###........#.##5#.#####.5.......#
..#........#........ #....####.#
..#.....(....$........##'#.. #.#
..#...................# ..... #>#
.##............5......# ... #.#
.....o.....#...........# #..
#####.###.##..........#. ###
......# ......


You could see 2 crimson imps.

Vanquished Creatures
  Blork the orc (D:4)
  A necrophage (D:3)
  An iguana (D:4)
  Jessica (D:3)
  5 adders
  A worm (D:3)
  2 dart slugs
  14 orcs
  10 ball pythons
  11 endoplasms
  11 goblins
  4 hobgoblins
  5 jackals (D:2)
  A quokka (D:1)
  6 bats
  3 frilled lizards
  5 kobolds
  8 rats
90 creatures vanquished.

Vanquished Creatures (others)
  225 foxfires
225 creatures vanquished.

Grand Total: 315 creatures vanquished

Notes
Turn   | Place    | Note
-------+----------+-------------------------------------------
     0 | D:1      | kae the Demigod Fire Elementalist began the quest for the
                  | Orb.
     0 | D:1      | Reached XP level 1. HP: 14/14 MP: 5/5
    25 | D:1      | You fall into a shaft and drop 1 floor!
   158 | D:2      | Reached skill level 1 in Conjurations
   674 | D:1      | Reached skill level 3 in Fire Magic
   735 | D:1      | Reached XP level 2. HP: 20/20 MP: 5/7
   931 | D:1      | Learned a level 2 spell: Scorch
  1774 | D:2      | Reached XP level 3. HP: 26/26 MP: 3/8
  2994 | D:3      | Noticed Jessica
  2996 | D:3      | Killed Jessica
  2997 | D:3      | Reached XP level 4. HP: 33/33 MP: 8/10
  3276 | D:3      | Reached skill level 4 in Fire Magic
  3293 | D:3      | Noticed a necrophage
  3303 | D:3      | Killed a necrophage
  3304 | D:3      | Reached XP level 5. HP: 34/38 MP: 4/11
  4455 | D:4      | Learned a level 3 spell: Conjure Flame
  4459 | D:4      | Learned a level 3 spell: Inner Flame
  4565 | D:4      | Noticed Blork the orc
  4626 | D:4      | Killed Blork the orc
  4777 | D:4      | Reached XP level 6. HP: 45/45 MP: 6/13
  5000 | D:4      | Reached skill level 5 in Fire Magic
  5144 | D:4      | Gained mutation: You have sharp fingernails. [potion of
                  | mutation]
  5144 | D:4      | Gained mutation: You are agile. (Dex +2) [potion of
                  | mutation]
  5144 | D:4      | Gained mutation: Your body sometimes deteriorates upon
                  | taking damage. [potion of mutation]
  5230 | D:4      | HP: 1/45 [crimson imp (4)]
  5231 | D:4      | Succumbed to a crimson imp's poison

Illustrated notes

Levels and vault maps discovered:
D:1:      scummos_arrival_simple_fountains, layout_basic,
          ebering_ecumenical_altar_sacrificial
D:2:      layout_loops_ring, basic_altar, minmay_rat_gold_closets
D:3:      layout_basic, lightli_temple_of_fire, marbit_many_paths,
          gammafunk_temple_overflow_wave, kennysheep_generic_room_9,
          uniq_jessica
D:4:      layout_basic, led_xom_imps, st_stairs_7, minmay_misc_feat_alley,
          bh_walls_and_bars, uniq_menkaure, uniq_blork_the_orc

Skill      XL: |  1  2  3  4  5  6 |
---------------+-------------------+-----
Conjurations   | 1 2 |  2.9
Fire Magic     | 3 4 5 |  5.0
Spellcasting   | 2 3 |  3.1
Dodging        | |  1.7
Stealth        | |  1.7

Action                   |  1- 3 |  4- 6 || total
-------------------------+-------+-------++-------
Melee: Dagger            |    19 |       ||    19
       Staff             |     6 |    97 ||   103
       Punch             |       |     3 ||     3
 Cast: Foxfire           |    64 |    72 ||   136
       Scorch            |    17 |    23 ||    40
       Conjure Flame     |       |     2 ||     2
Evoke: Wand              |       |     2 ||     2
  Use: Scroll            |     7 |     3 ||    10
       Potion            |       |     8 ||     8
Armor: Robe              |     8 |     9 ||    17
       Skin              |       |    53 ||    53
Dodge: Dodged            |    26 |    77 ||   103

Table legend: (Time is in decaauts)
 A = Elapsed time spent in this place.
 B = Non-inter-level travel time spent in this place.
 C = Inter-level travel time spent in this place.
 D = Time resting spent in this place.
 E = Time spent auto-exploring this place.
 F = Levels seen in this place.
 G = Mean time per level.
                   A        B        C        D        E       F      G
               +--------+--------+--------+--------+--------+-----+--------+
         Total |   5230 |   5013 |    217 |    808 |   3311 |   4 | 1307.5 |
       Dungeon |   5230 |   5013 |    217 |    808 |   3311 |   4 | 1307.5 |
               +--------+--------+--------+--------+--------+-----+--------+

Top non-repeatable levels by time:
     D:2: 1827 daAuts
     D:3: 1381 daAuts
     D:1: 1112 daAuts
     D:4: 909 daAuts
